 Dungeon Crawl Stone Soup version 0.27-a0-385-g3208abaabc (webtiles) character file.

Game seed: 6935869877491354658

116 dickylongcocking the Sneak (level 5, -1/31 HPs)
             Began as a Kobold Brigand on Feb 19, 2021.
             Was an Initiate of Nemelex Xobeh.
             Slain by a quokka (3 damage)
             ... on level 3 of the Dungeon on Feb 20, 2021.
             The game lasted 00:02:58 (2592 turns).

dickylongcocking the Sneak (Kobold Brigand)         Turns: 2592, Time: 00:02:58

Health: -1/31      AC:  6    Str:  9    XL:     5   Next: 21%
Magic:  5/5        EV: 13    Int: 12    God:    Nemelex Xobeh [......]
Gold:   165        SH:  0    Dex: 17    Spells: 4/4 levels left

rFire    . . .     SeeInvis .   a - +2 dagger
rCold    . . .     Faith    .   (shield restricted)
rNeg     . . .     Spirit   .   k - +0 ring mail
rPois    .         Reflect  .   (no helmet)
rElec    .         Harm     .   c - +0 cloak
rCorr    +         Rampage  .   (no gloves)
Will     .....                  (no boots)
Stlth    ++++......             (no amulet)
HPRegen  0.10/turn              n - ring of resist corrosion
MPRegen  0.09/turn              (no ring)

@: mighty, very slightly contaminated
A: small, nightstalker 3
a: Renounce Religion, Draw Escape, Draw Destruction, Draw Summoning


You were on level 3 of the Dungeon.
You worshipped Nemelex Xobeh.
Nemelex Xobeh was noncommittal.
You visited 1 branch of the dungeon, and saw 3 of its levels.

You collected 165 gold pieces.

Inventory:

Hand Weapons
 a - a +2 dagger (weapon)
Missiles
 d - 18 poisoned darts (quivered)
 e - 2 curare-tipped darts
Armour
 b - a +0 robe
 c - a +0 cloak (worn)
 k - a +0 ring mail (worn)
Jewellery
 n - a ring of resist corrosion (left hand)
Wands
 m - a wand of charming (7)
Scrolls
 f - a scroll of immolation {unknown}
 i - a scroll of enchant weapon {unknown}
 l - a scroll of teleportation {unknown}
 o - a scroll of identify {unknown}
Potions
 j - a potion of invisibility


   Skills:
 + Level 2.6 Fighting
 + Level 4.4 Short Blades
 + Level 2.6 Throwing
 + Level 0.4 Armour
 + Level 1.9 Dodging
 + Level 6.5 Stealth


You had 4 spell levels left.
You didn't know any spells.
Your spell library was empty.

Dungeon Overview and Level Annotations

Branches:
Dungeon (3/15)

Altars:
Nemelex Xobeh


Innate Abilities, Weirdness & Mutations

You are small and have problems with some larger weapons.
You are completely attuned to the shadows.


Message History

* * * LOW HITPOINT WARNING * * *
You miss something. You closely miss something.
You hear some strange, mumbled words.
You are confused.
Unknown command.
Okay, then.
You are too confused!
Unknown command.
Okay, then.
You bump into the rock wall.
Something hits you but does no damage.
You bump into the rock wall.
You flicker for a moment.
Something hits you.
* * * LOW HITPOINT WARNING * * *
You bump into the rock wall.
Something hits you.
* * * LOW HITPOINT WARNING * * *
You puncture something!
Reactivating autopickup.
You feel a bit more experienced.
You have reached level 5!
You feel agile.
Unknown command.
The orc hits you but does no damage.
Things that are here:
a +0 dagger; a +0 robe You closely miss the orc.
The orc misses you.
You bump into the rock wall.
The orc closely misses you.
You bump into the rock wall.
You feel less confused. The orc barely misses you.
You puncture the orc!
You kill the orc!
You flicker back into view.
An orc comes into view. It is wielding a +0 whip.
You miss the quokka.
The orc shouts!
The quokka bites you.
You die...
Your body disappears without a glow.

####.#.# .....#.######
............. ....<........
####.#.###### .....# ###
...#.#
#.##########################
#...............@roo.
#.########....####### #.#
#)...# #.#### ..>...# .....#
....#### .....# ....# .....#
.....## ......#


You could see 2 orcs and a quokka.

Vanquished Creatures
  An orc wizard (D:3)
  3 adders
  An ooze (D:2)
  A worm (D:3)
  3 leopard geckos
  5 orcs (D:3)
  A giant cockroach (D:3)
  3 goblins
  4 hobgoblins
  8 jackals
  A quokka (D:3)
  10 bats
  4 frilled lizards
  3 kobolds
  2 rats (D:1)
50 creatures vanquished.

Notes
Turn   | Place    | Note
-------+----------+-------------------------------------------
     0 | D:1      | dickylongcocking the Kobold Brigand began the quest for the
                  | Orb.
     0 | D:1      | Reached XP level 1. HP: 12/12 MP: 1/1
   274 | D:1      | Reached XP level 2. HP: 17/17 MP: 2/2
   706 | D:2      | Reached skill level 6 in Stealth
   706 | D:2      | Reached XP level 3. HP: 7/21 MP: 3/3
  1364 | D:2      | Reached XP level 4. HP: 15/27 MP: 4/4
  2424 | D:3      | Found a sparkling altar of Nemelex Xobeh.
  2461 | D:3      | Became a worshipper of Nemelex Xobeh the Trickster
  2585 | D:3      | HP: 1/27 [something (1)]
  2587 | D:3      | Reached XP level 5. HP: 1/31 MP: 5/5
  2592 | D:3      | Slain by a quokka

Illustrated notes

Levels and vault maps discovered:
D:1:      amcnicky_arrival_single_pillar, layout_rooms
D:2:      layout_basic, hangedman_decor_clover_reticule,
          kennysheep_pointless_box
D:3:      layout_basic, nemelex_altar_shiori

Skill      XL: |  1  2  3  4 |
---------------+-------------+-----
Short Blades   | 3 4 |  4.4
Stealth        | 6 |  6.5
Fighting       | |  2.6
Throwing       | |  2.6
Armour         | |  0.4
Dodging        | |  1.9

Action                   |  1- 3 |  4- 6 || total
-------------------------+-------+-------++-------
Melee: Dagger            |   102 |   115 ||   217
Throw: Dart              |     4 |       ||     4
  Use: Potion            |       |     4 ||     4
 Stab: Sleeping          |     5 |    12 ||    17
Armor: Robe              |    20 |       ||    20
       Ring mail         |       |    15 ||    15
Dodge: Dodged            |    83 |    43 ||   126

Table legend: (Time is in decaauts)
 A = Elapsed time spent in this place.
 B = Non-inter-level travel time spent in this place.
 C = Inter-level travel time spent in this place.
 D = Time resting spent in this place.
 E = Time spent auto-exploring this place.
 F = Levels seen in this place.
 G = Mean time per level.
                   A        B        C        D        E       F      G
               +--------+--------+--------+--------+--------+-----+--------+
         Total |   2553 |   2483 |     70 |    647 |   1448 |   3 |  851.0 |
       Dungeon |   2553 |   2483 |     70 |    647 |   1448 |   3 |  851.0 |
               +--------+--------+--------+--------+--------+-----+--------+

Top non-repeatable levels by time:
     D:2: 1068 daAuts
     D:3: 827 daAuts
     D:1: 656 daAuts
